 Dungeon Crawl Stone Soup version 0.32-a0-818-gb728d0252e (webtiles) character file.

Game seed: 2686564643997905698

1320 olmar the Arsonist (level 8, -1/61 (63) HPs)
             Began as a Mountain Dwarf Fire Elementalist on Mar 24, 2024.
             Was an Initiate of Gozag.
             Slain by a wight
             ... wielding a +0 flail
             ... created by the anger of Yredelemnul
              (8 damage)
             ... on level 6 of the Dungeon.
             The game lasted 00:15:21 (6823 turns).

olmar the Arsonist (MDFE)                           Turns: 6823, Time: 00:15:21

HP:   -1/61 (63)    AC:  4    Str: 13    XL:     8   Next: 33%
MP:   0/15          EV: 11    Int: 16    God:    Gozag
Gold: 361           SH:  0    Dex: 10    Spells: 7/17 levels left

rFire   . . .        n - +4 spear (venom)
rCold   . . .        (no shield)
rNeg    + . .        l - +0 robe "Repuet" {rPois Archmagi}
rPois   +            o - +0 helmet
rElec   .            (no cloak)
rCorr   .            (no gloves)
SInv    .            e - +0 pair of boots
Will    .....        (no amulet)
Stlth   ++           q - ring of positive energy
HPRegen 0.30/turn    (no ring)
MPRegen 0.14/turn

%: archmagi
@: lightly drained
A: runic magic, artefact enchanting
a: Renounce Religion, Potion Petition, Call Merchant, Bribe Branch


You were on level 6 of the Dungeon.
You worshipped Gozag.
Gozag was aware of your devotion.
You visited 2 branches of the dungeon, and saw 7 of its levels.
You also visited: Ossuary.

You collected 460 gold pieces.
You paid 99 gold pieces to Gozag.

Inventory:

Hand Weapons
 h - a +0 short sword of venom
 n - a +4 spear of venom (weapon)
Missiles
 k - 4 javelins
Armour
 a - a +0 robe
 e - a +0 pair of boots (worn)
 l - the +0 robe "Repuet" (worn) {rPois Archmagi}
   (You found it on level 2 of the Dungeon)

   rPois:     It protects you from poison.
   Archmagi:  It increases the power of your magical spells.
 o - a +0 helmet (worn)
Jewellery
 q - a ring of positive energy (left hand)
Wands
 d - a wand of paralysis (1)
Scrolls
 f - a scroll of enchant armour {unknown}
 i - 3 scrolls of noise
 m - a scroll of fog
 r - a scroll of identify
Potions
 c - a potion of mutation
 g - 4 potions of curing
 j - a potion of ambrosia {unknown}
 p - 3 potions of brilliance
 s - 2 potions of resistance
 t - 2 potions of cancellation
 v - a potion of invisibility


   Skills:
 + Level 3.5 Fighting
 - Level 1.5 Dodging
 - Level 1.4 Stealth
 + Level 5.3 Spellcasting
 + Level 3.6 Conjurations
 + Level 0.1 Hexes
 + Level 8.0 Fire Magic
 - Level 1.1 Evocations


You had 7 spell levels left.
You knew the following spells:

 Your Spells              Type           Power      Damage    Failure   Level
a - Foxfire               Conj/Fire      100%       2x1d9     1%          1
b - Scorch                Fire           88%        2d8       1%          2
c - Flame Wave            Conj/Fire      34%        2d10      14%         4
d - Inner Flame           Hex/Fire       25%        N/A       9%          3

Your spell library contained the following spells:

 Spells                   Type           Power      Damage    Failure   Level
 Magic Dart               Conj           92%        1d7       3%          1
 Volatile Blastmotes      Fire/Tloc      50%        2d14      9%          3
 Freeze                   Ice            24%        1d4       16%         1
 Lesser Beckoning         Tloc           12%        N/A       22%         2
 Mercury Vapours          Alch/Air       12%        N/A       22%         2
 Hailstorm                Conj/Ice       15%        3d6       22%         3
 Mephitic Cloud           Conj/Alch/Air  12%        N/A       26%         3
 Frozen Ramparts          Ice            12%        1d2       41%         3
 Gell's Gravitas          Tloc           6%         N/A       41%         3
 Teleport Other           Tloc           6%         N/A       41%         3
 Cause Fear               Hex            3%         N/A       80%         4
 Anguish                  Hex/Necr       3%         N/A       82%         4
 Freezing Cloud           Conj/Ice/Air   6%         6-21      94%         5
 Enfeeble                 Hex            3%         N/A       100%        7


Dungeon Overview and Level Annotations

Branches:
Dungeon (6/15)             Temple (1/1) D:5         Ossuary (visited)

Altars:
Ashenzari
Dithmenos
Fedhas
Gozag
Hepliaklqana
Kikubaaqudgha
Nemelex Xobeh
Okawaru
Qazlal
Ru
Sif Muna
Trog
Uskayaw
Vehumet
Wu Jian
Yredelemnul
The Shining One
Beogh

Annotations:
D:3 3 runed translucent doors, lotum's ghost, amateur KoHu


Innate Abilities, Weirdness & Mutations

Your spellcasting is much less encumbered by armour.
You can use scrolls of enchantment on lesser artefacts.


Message History

Casting: Foxfire (safe; 1% risk of failure)
Confirm with . or Enter, or press ? or * to list all spells.
Casting: Flame Wave (dangerous; 14% risk of failure)
Press: ? - help, Dir - look around, f - activate You feel a surge of power!
A wave of flame ripples out!
The flame wave engulfs the shadow.
The shadow is moderately damaged. (Press . to intensify the flame waves.)
The shadow hits you.
* * * LOW HITPOINT WARNING * * *
Unknown command.
Unknown command.
A wave of flame ripples out!
The flame wave engulfs the wight.
The wight is moderately damaged.
The flame wave engulfs the shadow!
The shadow is severely damaged.
The flame wave engulfs the wight!
The wight is severely damaged.
The wight hits you with a +0 flail!
* * * LOW HITPOINT WARNING * * *
You partially resist.
You feel drained. The shadow hits you.
* * * LOW HITPOINT WARNING * * *
The wight hits you with a +0 short sword.
* * * LOW HITPOINT WARNING * * *
Unknown command.
Unknown command.
A wave of flame ripples out!
The flame wave engulfs the wight!
The wight is almost destroyed.
The flame wave engulfs the shadow!
You destroy the shadow!
That felt strangely unrewarding.
The flame wave engulfs the wight.
You destroy the wight!
That felt strangely unrewarding.
You finish channelling waves of flame.
You are no longer robbed of momentum.
The wight barely misses you.
Unknown command.
Unknown command.
You feel better. The wight hits you with a +0 flail!
You die...
Your body crumbles into a pile of gold.

#....# ..# ###.#.# #...
#...#.##### #....
###....###..##.....
#.......##.........
###......#....#$.!..
###.#......#..$...$...
#....)......$..$......
###..##).)...z@........#
#....##................#
###.........#.$.........
##.##.....#.##........
#..........#......... ..
#..)...................#
....
#.......................#
##.. #....##...... ....#
#...# #..#####..#...###
.. ##...####


You could see a wight.

Vanquished Creatures
  Sigmund (D:6)
  6 shadows (D:6)
  2 wraiths (D:6)
  2 orc warriors (D:6)
  3 scorpions
  11 wights
  2 orc priests
  A bombardier beetle (D:5)
  An iguana (D:5)
  4 orc wizards
  4 mummies (Ossuary)
  Robin (D:2)
  6 gnolls
  5 adders
  4 ufetubi (D:6)
  An adder zombie (Ossuary)
  2 dart slugs
  5 ribbon worms
  16 orcs
  8 ball pythons
  3 bats
  2 endoplasms
  2 giant cockroaches
  10 goblins
  6 hobgoblins
  3 jackals (D:1)
  2 quokkas
  6 frilled lizards
  3 gnoll zombies (Ossuary)
  A hobgoblin zombie (Ossuary)
  5 kobolds
  2 rats
  A rat zombie (Ossuary)
131 creatures vanquished.

Vanquished Creatures (collateral kills)
  An ogre (D:5)
  A gnoll bouda (D:5)
  3 human zombies (Ossuary)
  An orc wizard (D:4)
  A sleepcap (D:5)
  A mummy (D:5)
  5 orcs (D:5)
  A ball python (D:2)
  A gnoll zombie (Ossuary)
  A goblin (D:2)
  2 hobgoblins (D:2)
  A quokka (D:2)
  A frilled lizard (D:2)
  A jackal zombie (Ossuary)
  A kobold zombie (Ossuary)
22 creatures vanquished.

Vanquished Creatures (others)
  A ribbon worm zombie (D:2)
  An orc zombie (D:4)
  A spectral gnoll (D:5)
  2 ball python zombies (D:2)
  An endoplasm zombie (D:2)
  A giant cockroach zombie (D:2)
  6 goblin zombies (D:2)
  3 hobgoblin zombies
  A kobold zombie (D:2)
  2 quokka zombies (D:2)
  A rat zombie (D:3)
  284 foxfires
304 creatures vanquished.

Grand Total: 457 creatures vanquished

Notes
Turn   | Place    | Note
-------+----------+-------------------------------------------
     0 | D:1      | olmar the Mountain Dwarf Fire Elementalist began the quest
                  | for the Orb.
     0 | D:1      | Reached XP level 1. HP: 14/14 MP: 3/3
   342 | D:1      | Reached skill level 4 in Fire Magic
   382 | D:1      | Reached XP level 2. HP: 18/20 MP: 2/4
   540 | D:1      | Reached skill level 1 in Conjurations
   784 | D:1      | Found a faded altar of an unknown god.
  1070 | D:1      | Prayed at the altar of an unknown god.
  1070 | D:1      | Became a worshipper of Yredelemnul the Fallen
  1070 | D:1      | Reached * piety under Yredelemnul
  1135 | D:2      | HP: 1/20 [hobgoblin (3)]
  1332 | D:2      | Reached XP level 3. HP: 26/26 MP: 4/6
  1359 | D:2      | Noticed Robin
  1490 | D:1      | Learned a level 2 spell: Scorch
  1698 | D:2      | Identified the +0 robe "Repuet" {rPois Archmagi}
  1802 | D:2      | Reached skill level 1 in Fighting
  1802 | D:2      | Reached XP level 4. HP: 35/35 MP: 4/7
  1868 | D:2      | Killed Robin
  1871 | D:2      | Your ally Robin died
  2241 | D:3      | Reached skill level 5 in Fire Magic
  2673 | D:3      | Found a shimmering blue altar of Sif Muna.
  2673 | D:3      | Found an ancient bone altar of Kikubaaqudgha.
  2675 | D:3      | Found a radiant altar of Vehumet.
  2682 | D:3      | Got Vehumet's Annotations on Striking
  2790 | D:3      | Reached XP level 5. HP: 38/40 MP: 7/9
  3175 | D:3      | Found a faded altar of an unknown god.
  3179 | D:3      | Found a sacrificial altar of Ru.
  3262 | D:3      | Found a runed translucent gate.
  3262 | D:3      | Found a runed translucent gate.
  3262 | D:3      | Found a runed translucent gate.
  3268 | D:3      | Noticed lotum's ghost (amateur KoHu)
  3269 | D:3      | Identified the +11 short sword of Baleful Integrity {pain,
                  | Dex+3}
  3489 | D:3      | Found a roughly hewn altar of Beogh.
  3710 | D:4      | Reached XP level 6. HP: 22/48 MP: 3/10
  4296 | D:5      | Entered Level 5 of the Dungeon
  4306 | D:5      | Reached skill level 6 in Fire Magic
  4377 | D:5      | Reached XP level 7. HP: 48/56 MP: 4/12
  4400 | D:5      | Found a sand-covered staircase.
  4412 | Ossuary  | Entered an ossuary
  4802 | D:5      | Reached skill level 7 in Fire Magic
  4985 | D:5      | Found a staircase to the Ecumenical Temple.
  5021 | Temple   | Entered the Ecumenical Temple
  5054 | Temple   | Fell from the grace of Yredelemnul
  5054 | Temple   | Became a worshipper of Gozag Ym Sagoz the Greedy
  5379 | D:5      | Learned a level 4 spell: Flame Wave
  5383 | D:5      | Learned a level 3 spell: Inner Flame
  5605 | D:6      | Noticed Sigmund
  5854 | D:6      | Killed Sigmund
  5856 | D:6      | Found a hide-covered altar of Uskayaw.
  5871 | D:6      | Reached XP level 8. HP: 63/63 MP: 3/15
  5928 | D:6      | Reached skill level 1 in Evocations
  5958 | D:6      | Reached skill level 5 in Spellcasting
  6791 | D:6      | Reached skill level 8 in Fire Magic
  6821 | D:6      | HP: 1/61 [wight/+0 short sword[the anger of Yredelemnul]
                  | (4)]
  6823 | D:6      | Slain by a wight

Illustrated notes

Levels and vault maps discovered:
D:1:      roderic_crossed_star, layout_basic,
          shapermc_ecumenical_altar_flowoftime, serial_forest,
          infiniplex_forest_lined_3, infiniplex_forest_straight_4,
          infiniplex_forest_lined_corner, infiniplex_forest_straight_3,
          infiniplex_forest_lined_ring, infiniplex_forest_diagonal
D:2:      layout_loops_ring, uniq_robin
D:3:      layout_basic, grunt_temple_overflow_magic_moments,
          nicolae_overflow_ecumenical_swirl, biasface_ghost_orc_armoury
D:4:      layout_cave_pools, roderic_serpentine_path
D:5:      layout_basic, minmay_temple_entry_overgrown, gup_ossuary_entry_pyramid
D:6:      layout_cave_pools, makhleb_grotto_becter, nicolae_uskayaw_dance_hall,
          nicolae_figureground_sparkle, uniq_menkaure, uniq_sigmund
Temple:   chequers_temple_sunken

Skill      XL: |  1  2  3  4  5  6  7  8 |
---------------+-------------------------+-----
Fire Magic     | 4 5 6 7 8 |  8.0
Conjurations   | 1 2 3 |  3.6
Spellcasting   | 2 3 4 5 |  5.3
Fighting       | 1 2 3 |  3.5
Evocations     | 1 |  1.1
Dodging        | |  1.5
Stealth        | |  1.4
Hexes          | |  0.1

Action                     |  1- 3 |  4- 6 |  7- 9 || total
---------------------------+-------+-------+-------++-------
  Melee: Short sword       |    63 |     3 |       ||    66
         Spear             |       |    85 |    54 ||   139
   Cast: Foxfire           |    36 |    42 |    89 ||   167
         Scorch            |     2 |    12 |    20 ||    34
         Inner Flame       |       |       |     2 ||     2
         Flame Wave        |       |       |     6 ||     6
 Invoke: Light the Black T |       |     2 |     1 ||     3
  Evoke: Wand              |       |     2 |    11 ||    13
    Use: Potion            |     1 |       |     7 ||     8
         Scroll            |       |     9 |     5 ||    14
   Stab: Sleeping          |     1 |     2 |       ||     3
         Paralysed         |       |       |     4 ||     4
 Armour: Robe              |    63 |    59 |    76 ||   198
  Dodge: Dodged            |    42 |    60 |    55 ||   157

Table legend: (Time is in decaauts)
 A = Elapsed time spent in this place.
 B = Non-inter-level travel time spent in this place.
 C = Inter-level travel time spent in this place.
 D = Time resting spent in this place.
 E = Time spent auto-exploring this place.
 F = Levels seen in this place.
 G = Mean time per level.
                   A        B        C        D        E       F      G
               +--------+--------+--------+--------+--------+-----+--------+
         Total |   6860 |   6666 |    194 |   1754 |   3819 |   8 |  857.5 |
       Dungeon |   6133 |   5939 |    194 |   1454 |   3528 |   6 | 1022.2 |
        Temple |    365 |    365 |      0 |    300 |      0 |   1 |  365.0 |
       Ossuary |    361 |    361 |      0 |      0 |    291 |   1 |  361.0 |
               +--------+--------+--------+--------+--------+-----+--------+

Top non-repeatable levels by time:
     D:3: 1306 daAuts
     D:1: 1253 daAuts
     D:5: 1050 daAuts
     D:2: 973 daAuts
     D:6: 779 daAuts
     D:4: 772 daAuts
  Temple: 365 daAuts
 Ossuary: 361 daAuts
